 Dungeon Crawl Stone Soup version 0.29-a0-620-g13ace881f2 (webtiles) character file.

Game seed: 7189556119408702716

494 IdlyInterested the Slasher (level 6, 0/48 HPs)
             Began as a Demonspawn Gladiator on June 18, 2022.
             Was an Initiate of Dithmenos.
             Slain by a gnoll
             ... wielding a +0 halberd
             ... led by a gnoll shaman
              (1 damage)
             ... on level 5 of the Dungeon.
             The game lasted 00:09:06 (3819 turns).

IdlyInterested the Slasher (Demonspawn Gladiator)   Turns: 3819, Time: 00:09:07

Health: 0/48       AC: 11    Str: 14    XL:     6   Next: 92%
Magic:  6/6        EV:  4    Int: 10    God:    Dithmenos [......]
Gold:   251        SH:  0    Dex: 22    Spells: 5/5 levels left

rFire   + . .      SeeInvis .   a - +0 long sword
rCold   + . .      Faith    .   (no shield)
rNeg    . . .      Spirit   .   x - +1 chain mail
rPois   .          Reflect  .   c - +0 helmet
rElec   .          Harm     .   i - scarf {rC+ rF+}
rCorr   .          Rampage  .   (no gloves)
Will    .....                   n - +0 pair of boots
Stlth   ..........              s - amulet of magic regeneration
HPRegen 0.16/turn               f - +6 ring of dexterity
MPRegen 0.50/turn               (no ring)

@: lit by a corona, held, glowing
A: foul stench 1, weakness stinger 1
a: Renounce Religion


You were on level 5 of the Dungeon.
You worshipped Dithmenos.
Dithmenos was noncommittal.
You visited 1 branch of the dungeon, and saw 5 of its levels.

You collected 251 gold pieces.

Inventory:

Hand Weapons
 a - a +0 long sword (weapon)
 l - a +3 dagger of draining
Missiles
 d - 3 throwing nets
 e - 3 javelins
 g - 136 stones (quivered)
 m - 14 poisoned darts
 u - 6 curare-tipped darts
Armour
 c - a +0 helmet (worn)
 i - a scarf of resistance (worn)
 n - a +0 pair of boots (worn)
 x - a +1 chain mail (worn)
Magical Staves
 j - a staff of cold
 t - a staff of air
Jewellery
 f - a +6 ring of dexterity (left hand)
 s - an amulet of magic regeneration (around neck)
Wands
 k - a wand of digging (8)
Scrolls
 b - a scroll of blinking
 o - 3 scrolls of teleportation
 v - 4 scrolls of identify
Potions
 h - a potion of magic
 p - a potion of mutation
 q - a potion of heal wounds
 r - 3 potions of attraction
 w - a potion of curing


   Skills:
 * Level 3.9 Fighting
 * Level 5.3 Long Blades
 - Level 1.7 Throwing
 - Level 3.0 Dodging
 - Level 3.0 Stealth
 + Level 0.8 Invocations
 - Level 1.0 Evocations


You had 5 spell levels left.
You didn't know any spells.
Your spell library contained the following spells:

 Spells                   Type           Power      Damage    Failure   Level
 Malign Gateway           Summ/Tloc      0%         N/A       100%        7
 Summon Horrible Things   Summ           0%         N/A       100%        8


Dungeon Overview and Level Annotations

Branches:
Dungeon (5/15)
 Temple: D:4-7

Altars:
Dithmenos
Okawaru
Ru
Vehumet


Innate Abilities, Weirdness & Mutations

You may rarely emit foul miasma when damaged in melee.
You have a small tail.


Message History

The gnoll hits you from afar with a +0 halberd!
You hit the gnoll shaman but do no damage.
Your tail-slap misses the gnoll shaman.
The gnoll shaman is severely wounded.
The gnoll hits you but does no damage.
You hit the gnoll.
You kill the gnoll!
Dithmenos accepts your kill.
The gnoll shaman hits you with a +0 whip.
The gnoll closely misses you.
Unknown command.
You closely miss the gnoll shaman.
The gnoll shaman is severely wounded.
The gnoll completely misses you.
The gnoll shaman calls upon its god to speed up the gnoll.
The gnoll seems to speed up.
The gnoll throws a throwing net.
The throwing net hits you.
You become entangled in the net!
Unknown command.
You struggle against the net.
The gnoll hits you from afar with a +0 halberd!
The gnoll hits you from afar with a +0 spear.
* * * LOW HITPOINT WARNING * * *
The gnoll shaman hits you with a +0 whip!
* * * LOW HITPOINT WARNING * * *
The gnoll barely misses you.
You struggle against the net.
The gnoll hits you from afar with a +0 spear.
* * * LOW HITPOINT WARNING * * *
The gnoll shaman hits you with a +0 whip.
* * * LOW HITPOINT WARNING * * *
The gnoll hits you but does no damage.
Unknown command.
You struggle against the net.
The gnoll hits you from afar with a +0 halberd.
* * * LOW HITPOINT WARNING * * *
The gnoll hits you but does no damage.
The gnoll shaman utters an invocation to its god.
The gnoll shaman is healed somewhat.
The gnoll hits you from afar with a +0 halberd.
You die...

#........# #........# #......<.#
#........# ###........# #######
#..######### ##.....### #......#
#........# #......# #........#
#).....# #@g......# ###
##..#############)###..#####.#
....####..##...##gg##..##..g.####
...........#.....g...............
#..........#...>........g...#....
#..........#................#....
#..........#................#g...
#+####.##'########'##########....
...###.#.................. ..g..


You could see a gnoll shaman and 3 gnolls.

Vanquished Creatures
  Eustachio (D:4)
  A phantom (D:4)
  3 orc priests
  2 hounds (D:5)
  Jessica (D:3)
  An orc wizard (D:3)
  A gnoll (D:5)
  An adder (D:4)
  A dart slug (D:2)
  3 orcs
  6 ball pythons
  7 bats
  4 endoplasms
  3 giant cockroaches
  5 goblins
  4 hobgoblins
  2 jackals (D:1)
  8 kobolds
  4 quokkas
  2 frilled lizards
  4 rats
64 creatures vanquished.

Vanquished Creatures (others)
  7 plants (D:2)
  10 withered plants (D:2)
17 creatures vanquished.

Grand Total: 81 creatures vanquished

Notes
Turn   | Place    | Note
-------+----------+-------------------------------------------
     0 | D:1      | IdlyInterested the Demonspawn Gladiator began the quest for
                  | the Orb.
     0 | D:1      | Reached XP level 1. HP: 16/16 MP: 1/1
   196 | D:1      | Reached skill level 3 in Long Blades
   199 | D:1      | Gained mutation: You have a small tail. [demonic ancestry]
   199 | D:1      | Reached XP level 2. HP: 15/22 MP: 2/2
   861 | D:2      | Reached XP level 3. HP: 28/28 MP: 3/3
   878 | D:2      | Found a faded altar of an unknown god.
  1448 | D:3      | Noticed Jessica
  1453 | D:3      | Killed Jessica
  1454 | D:3      | Reached XP level 4. HP: 35/35 MP: 4/4
  1496 | D:3      | Found a sacrificial altar of Ru.
  2052 | D:3      | Found a shadowy altar of Dithmenos.
  2063 | D:3      | Reached skill level 4 in Long Blades
  2063 | D:3      | Reached skill level 1 in Stealth
  2324 | D:3      | Became a worshipper of Dithmenos the Shadowed
  2648 | D:4      | Gained mutation: You may rarely emit foul miasma when
                  | damaged in melee. [demonic ancestry]
  2648 | D:4      | Reached XP level 5. HP: 36/41 MP: 5/5
  2692 | D:4      | Found a radiant altar of Vehumet.
  2752 | D:4      | Noticed Eustachio
  2777 | D:4      | Killed Eustachio
  2778 | D:4      | Reached XP level 6. HP: 18/47 MP: 6/6
  3070 | D:4      | Reached skill level 5 in Long Blades
  3215 | D:4      | Found an iron altar of Okawaru.
  3457 | D:5      | Entered Level 5 of the Dungeon
  3492 | D:5      | Reached skill level 1 in Evocations
  3818 | D:5      | HP: 2/48 [gnoll shaman/+0 whip (1)]
  3819 | D:5      | Slain by a gnoll

Illustrated notes

Levels and vault maps discovered:
D:1:      dpeg_arrival_houses_and_road, layout_rooms
D:2:      layout_loops_ring, shapermc_ecumenical_altar_flowoftime
D:3:      layout_basic, mainiacjoe_overflow_tiny_flanked,
          nicolae_dithmenos_the_darkroom, corexii_shack, uniq_jessica
D:4:      minmay_evil_eye, layout_cave_pools, lemuel_crystal_altar,
          okawaru_metal_pillars_1_2, chequers_serial_rivers_micro_c,
          kennysheep_generic_room_3, uniq_eustachio
D:5:      layout_gridville, serial_shops, shop, hellmonk_bongcloud_opening,
          goddamned_bats

Skill      XL: |  1  2  3  4  5  6 |
---------------+-------------------+-----
Long Blades    | 3 4 5 |  5.3
Dodging        | 3 |  3.0
Fighting       | 3 |  3.9
Stealth        | 1 3 |  3.0
Evocations     | 1 |  1.0
Throwing       | |  1.7
Invocations    | |  0.8

Action                   |  1- 3 |  4- 6 || total
-------------------------+-------+-------++-------
Melee: Long sword        |    84 |   118 ||   202
       Tailslap          |     7 |    16 ||    23
  Use: Scroll            |     6 |     6 ||    12
       Potion            |     5 |     1 ||     6
 Stab: Sleeping          |     3 |       ||     3
Armor: Leather armour    |    26 |    12 ||    38
       Chain mail        |       |   119 ||   119
Dodge: Dodged            |    60 |    87 ||   147

Table legend: (Time is in decaauts)
 A = Elapsed time spent in this place.
 B = Non-inter-level travel time spent in this place.
 C = Inter-level travel time spent in this place.
 D = Time resting spent in this place.
 E = Time spent auto-exploring this place.
 F = Levels seen in this place.
 G = Mean time per level.
                   A        B        C        D        E       F      G
               +--------+--------+--------+--------+--------+-----+--------+
         Total |   3840 |   3833 |      7 |    743 |   2297 |   5 |  768.0 |
       Dungeon |   3840 |   3833 |      7 |    743 |   2297 |   5 |  768.0 |
               +--------+--------+--------+--------+--------+-----+--------+

Top non-repeatable levels by time:
     D:3: 1162 daAuts
     D:4: 922 daAuts
     D:1: 748 daAuts
     D:2: 641 daAuts
     D:5: 365 daAuts
